 Seeded DCSS version 0.32-a0-960-g3814254bd7 (webtiles) character file.

Game seed: 202404175 (custom seed)

18779 Orlauf the Severer (level 12, -4/102 HPs)
             Began as a Demonspawn Gladiator on Apr 17, 2024.
             Slain by a cane toad (5 damage)
             ... on level 2 of the Lair of Beasts.
             The game lasted 00:15:40 (12995 turns).

Orlauf the Severer (Demonspawn Gladiator)          Turns: 12995, Time: 00:15:42

Health: -4/102     AC: 13    Str: 20    XL:     12   Next: 30%
Magic:  12/12      EV: 10    Int:  9    God:
Gold:   740        SH:  0    Dex: 14    Spells: 11/11 levels left

rFire   . . .        a - +2 battleaxe (freeze)
rCold   . . .        (shield currently unavailable)
rNeg    + . .        w - +1 plate armour
rPois   .            (helmet restricted)
rElec   .            (no cloak)
rCorr   .            o - +0 pair of gloves
SInv    .            g - +0 pair of boots
Will    .....        m - amulet of regeneration Stlth
                     l - ring of positive energy
HPRegen 1.17/turn    j - +5 ring of evasion
MPRegen 0.13/turn

%: no passive effects
@: lethally poisoned (-4 -> -4)
A: antennae 2, hooves 2, demonic guardian 2, foul stench 1, weakness stinger 2
a: no special abilities


You were on level 2 of the Lair of Beasts.
You visited 3 branches of the dungeon, and saw 16 of its levels.

You collected 790 gold pieces.
You spent 50 gold pieces at shops.

Inventory:

Hand Weapons
 a - a +2 battleaxe of freezing (weapon)
 b - a +2 war axe of flaming
 p - a +0 hand axe of electrocution
 q - a +1 war axe of protection
 v - a +2 mace
 K - a +1 broad axe of pain
Missiles
 d - a throwing net
 e - 9 javelins
 s - 20 poisoned darts
Armour
 g - a +0 pair of boots (worn)
 o - a +0 pair of gloves (worn)
 w - a +1 plate armour (worn)
Jewellery
 j - a +5 ring of evasion (right hand)
 k - a ring of ice
 l - a ring of positive energy (left hand)
 m - an amulet of regeneration (around neck)
 B - an amulet of the acrobat
Wands
 x - a wand of acid (5)
 y - a wand of digging (6)
 C - a wand of paralysis (6) (quivered)
 E - a wand of iceblast (10)
 G - a wand of flame (18)
Scrolls
 c - 4 scrolls of enchant weapon
 u - 2 scrolls of revelation
 z - a scroll of immolation
 A - a scroll of blinking
 F - 3 scrolls of amnesia
 H - 2 scrolls of teleportation
 L - a scroll of vulnerability
Potions
 f - a potion of mutation
 h - a potion of magic
 i - 3 potions of enlightenment
 n - a potion of might {unknown}
 r - a potion of invisibility {unknown}
 t - 2 potions of attraction
 D - a potion of brilliance {unknown}
 I - a potion of lignification
 J - 2 potions of curing


   Skills:
 - Level 12.0 Fighting
 + Level 15.3 Axes
 - Level 1.7 Throwing
 * Level 1.7 Armour
 - Level 2.6 Dodging


You had 11 spell levels left.
You didn't know any spells.
Your spell library contained the following spells:

 Spells                   Type           Power      Damage    Failure   Level
 Magic Dart               Conj           0%         1d3       100%        1
 Shock                    Conj/Air       0%         1d3       100%        1
 Lesser Beckoning         Tloc           0%         N/A       100%        2
 Mercury Vapours          Alch/Air       0%         N/A       100%        2
 Maxwell's Portable Pile  Tloc           0%         2d(5-13)  100%        3
 Mephitic Cloud           Conj/Alch/Air  0%         N/A       100%        3
 Stone Arrow              Conj/Erth      0%         3d7       100%        3
 Swiftness                Air            0%         N/A       100%        3
 Teleport Other           Tloc           0%         N/A       100%        3
 Airstrike                Air            0%         2d(0-16)  100%        4
 Leda's Liquefaction      Alch/Erth      0%         N/A       100%        4
 Petrify                  Alch/Erth      0%         N/A       100%        4
 Freezing Cloud           Conj/Ice/Air   0%         6-21      100%        5
 Irradiate                Conj/Alch      0%         3d11      100%        5
 Lee's Rapid Deconstruct  Erth           0%         3d4*      100%        5
 Metabolic Englaciation   Hex/Ice        0%         N/A       100%        5
 Seismic Cannonade        Alch/Erth      0%         6d4       100%        7
 Fulsome Fusillade        Conj/Alch      0%         (3-5)d4   100%        8


Dungeon Overview and Level Annotations

Branches:
Dungeon (13/15)            Temple (1/1) D:4            Lair (2/5) D:9
    Orc (0/2) D:9
  Swamp: Lair:2-3    Shoals: Lair:2-3     Snake: Lair:2-3    Spider: Lair:2-3
 Vaults: D:13-14

Altars:
Ashenzari
Cheibriados
Dithmenos
Fedhas
Gozag
Hepliaklqana
Kikubaaqudgha
Makhleb
Nemelex Xobeh
Okawaru
Qazlal
Ru
Sif Muna
Trog
Uskayaw
Vehumet
Wu Jian
Xom
Yredelemnul

Shops:
D:1 :   D:4 *   D:8 :

Annotations:
D:5 3 runed translucent doors, TheSexyCheese's ghost, novice DsFE
Lair:1 1 runed translucent door


Innate Abilities, Weirdness & Mutations

You have a pair of antennae on your head.
You have hoof-like feet.
A demonic guardian rushes to your aid.
You may rarely emit foul miasma when damaged in melee.
You have a tail ending in a sharp stinger.


Message History

The skyshark closely misses you.
You slash the skyshark! You freeze the skyshark.
The skyshark is heavily wounded.
You completely miss the cane toad.
You feel very sick.
The cane toad stings you but does no damage.
The skyshark bites you!!
* * * LOW HITPOINT WARNING * * *
You emit a cloud of foul miasma!
The skyshark barely misses you.
The skyshark tail-slaps you but does no damage.
You hit the cane toad.
The cane toad seems to slow down.
You freeze the cane toad.
The cane toad is lightly wounded.
You hit the skyshark but do no damage.
You feel sick. The cane toad closely misses you.
Unknown command.
You slash the cane toad!
The cane toad seems to slow down.
You freeze the cane toad.
Your tail-slap misses the cane toad.
The cane toad is heavily wounded.
You slice the skyshark!!
The skyshark seems to slow down.
You freeze the skyshark!
You feel sick.
The skyshark is engulfed in dark miasma.
The skyshark is poisoned.
The skyshark seems to slow down.
The skyshark bites you!
* * * LOW HITPOINT WARNING * * *
A demonic guardian appears!
The skyshark barely misses you.
The skyshark tail-slaps you but does no damage.
You barely miss the skyshark.
The skyshark is severely wounded.
You hit the cane toad.
The cane toad seems to slow down.
You freeze the cane toad.
You feel sick.
The skyshark is engulfed in dark miasma.
The skyshark looks even sicker.
The skyshark bites you but does no damage.
The skyshark tail-slaps you.
* * * LOW HITPOINT WARNING * * *
The skyshark tail-slaps you!
* * * LOW HITPOINT WARNING * * *
The cane toad stings you.
You die...

##^...##
#.>....#
##....##
##....#
#P....#
#.....#
##....#
#....#
#F@..#
......F...P#
#..?...4...#
#.#.......##
# #P......#
###......
........
....#.....


You could see a skyshark (berserk, very poisoned, slow), a cane toad (slow, ally
target) and a friendly ice devil (summoned).

Vanquished Creatures
  2 two-headed ogres
  An ugly thing (D:12)
  4 elephants (Lair:1)
  2 black mambas (Lair:1)
  Maggie (Lair:1)
  2 komodo dragons (D:11)
  4 cane toads (Lair:1)
  4 trolls
  4 blink frogs (Lair:2)
  35 yaks
  2 wyverns (Lair:1)
  A basilisk (D:12)
  2 steam dragons
  2 wargs (D:9)
  3 vampire mosquitoes (D:11)
  Menkaure (D:5)
  An acid dragon (D:9)
  Duvessa (D:7)
  4 water moccasins
  3 orc warriors
  3 sky beasts
  An ice beast (D:5)
  3 black bears
  An ogre (D:6)
  3 wolves
  A centaur (D:9)
  A phantom (D:5)
  A kobold brigand (D:7)
  Blork the orc (D:5)
  7 bullfrogs
  4 scorpions
  13 wights
  Dowan (D:7)
  10 killer bees
  3 howler monkeys (D:7)
  A bombardier beetle (D:5)
  A jelly (D:6)
  5 hounds
  6 orc priests (D:9)
  A gnoll bouda (D:5)
  3 sleepcaps
  Jessica (D:2)
  5 iguanas
  9 orc wizards
  Robin (D:4)
  9 gnolls (D:5)
  2 adders
  2 white imps
  4 ufetubi
  A dart slug (D:1)
  A ribbon worm (D:4)
  26 orcs
  5 ball pythons
  10 endoplasms
  6 giant cockroaches
  11 goblins
  13 hobgoblins
  4 jackals (D:4)
  4 quokkas
  4 bats
  12 kobolds
  7 rats
286 creatures vanquished.

Vanquished Creatures (collateral kills)
  A human (Lair:1)
1 creature vanquished.

Grand Total: 287 creatures vanquished

Notes
Turn   | Place    | Note
-------+----------+-------------------------------------------
     0 | D:1      | Orlauf the Demonspawn Gladiator began the quest for the
                  | Orb.
     0 | D:1      | Reached XP level 1. HP: 16/16 MP: 1/1
    47 | D:1      | Found Yrchylex's Book Boutique.
   301 | D:1      | Reached skill level 3 in Axes
   304 | D:1      | Gained mutation: You may rarely emit foul miasma when
                  | damaged in melee. [demonic ancestry]
   304 | D:1      | Reached XP level 2. HP: 10/22 MP: 2/2
   866 | D:1      | Discovered your monstrous ancestry.
   866 | D:1      | Gained mutation: You have a pair of small antennae on your
                  | head. [demonic ancestry]
   866 | D:1      | Reached XP level 3. HP: 28/28 MP: 3/3
  1216 | D:2      | Found a faded altar of an unknown god.
  1344 | D:2      | Noticed Jessica
  1349 | D:2      | Killed Jessica
  1350 | D:2      | Reached skill level 4 in Axes
  1350 | D:2      | Reached XP level 4. HP: 29/35 MP: 4/4
  1728 | D:3      | Found a shadowy altar of Dithmenos.
  2474 | D:4      | Found a staircase to the Ecumenical Temple.
  2496 | Temple   | Entered the Ecumenical Temple
  2516 | D:4      | Found Kaymot's Assorted Antiques.
  2524 | D:4      | Bought a scroll labelled URGHINL SITU for 25 gold pieces
  2524 | D:4      | Bought a scroll labelled LEIRER WURYSCH for 25 gold pieces
  2643 | D:4      | Gained mutation: You have large cloven feet. [demonic
                  | ancestry]
  2643 | D:4      | Reached XP level 5. HP: 12/41 MP: 5/5
  2837 | D:4      | Noticed Robin
  2843 | D:4      | Killed Robin
  2853 | D:4      | Reached skill level 5 in Axes
  3088 | D:4      | Gained mutation: You have a small tail. [demonic ancestry]
  3088 | D:4      | Reached XP level 6. HP: 43/48 MP: 6/6
  3237 | D:5      | Entered Level 5 of the Dungeon
  3251 | D:5      | Noticed Blork the orc
  3260 | D:5      | Killed Blork the orc
  3381 | D:5      | Noticed an ice beast
  3394 | D:5      | Killed an ice beast
  3395 | D:5      | Reached skill level 6 in Axes
  3463 | D:5      | Gained mutation: You have a tail ending in a sharp stinger.
                  | [demonic ancestry]
  3463 | D:5      | Reached XP level 7. HP: 44/55 MP: 7/7
  3910 | D:5      | Reached skill level 5 in Fighting
  3992 | D:5      | Found a runed translucent gate.
  3992 | D:5      | Found a runed translucent gate.
  3992 | D:5      | Found a runed translucent gate.
  3993 | D:5      | Noticed TheSexyCheese's ghost (novice DsFE)
  4089 | D:5      | Noticed Menkaure
  4093 | D:5      | Killed Menkaure
  4094 | D:5      | Reached skill level 7 in Axes
  4232 | D:5      | Gained mutation: You have a pair of antennae on your head.
                  | [demonic ancestry]
  4232 | D:5      | Reached XP level 8. HP: 58/64 MP: 8/8
  4742 | D:6      | Reached skill level 8 in Axes
  5261 | D:6      | Reached skill level 9 in Axes
  5446 | D:6      | HP: 3/67 [orc warrior/+0 scimitar (11)]
  5448 | D:6      | Reached XP level 9. HP: 3/72 MP: 9/9
  6493 | D:7      | Reached skill level 10 in Axes
  6840 | D:7      | Noticed Duvessa
  6841 | D:7      | Noticed Dowan
  6845 | D:7      | Killed Duvessa
  6848 | D:7      | Killed Dowan
  7575 | D:8      | Found Laddugaew's Book Emporium.
  7969 | D:8      | You fall into a shaft and drop 1 floor!
  8021 | D:9      | Reached skill level 11 in Axes
  8033 | D:9      | Gained mutation: You have hoof-like feet. [demonic
                  | ancestry]
  8033 | D:9      | Reached XP level 10. HP: 75/82 MP: 10/10
  8134 | D:9      | Found a staircase to the Lair.
  8212 | D:8      | Reached skill level 12 in Axes
  9174 | D:9      | Found a staircase to the Orcish Mines.
  9418 | D:10     | Entered Level 10 of the Dungeon
  9449 | D:10     | Reached skill level 10 in Fighting
  9565 | D:10     | Gained mutation: A weak demonic guardian rushes to your
                  | aid. [demonic ancestry]
  9565 | D:10     | Reached XP level 11. HP: 80/90 MP: 11/11
  9583 | D:10     | Reached skill level 13 in Axes
  9759 | D:10     | Noticed a two-headed ogre
  9767 | D:10     | Killed a two-headed ogre
 10903 | D:12     | Noticed a red ugly thing
 10916 | D:12     | Killed a red ugly thing
 11146 | D:12     | Noticed a two-headed ogre
 11153 | D:12     | Killed a two-headed ogre
 11564 | Lair:1   | Entered Level 1 of the Lair of Beasts
 11570 | Lair:1   | Reached skill level 14 in Axes
 11581 | Lair:1   | HP: 2/93 [yak (11)]
 12011 | Lair:1   | Gained mutation: A demonic guardian rushes to your aid.
                  | [demonic ancestry]
 12011 | Lair:1   | Reached XP level 12. HP: 24/101 MP: 12/12
 12130 | Lair:1   | Got the Octavo of Profulgent Metal
 12142 | Lair:1   | Reached skill level 15 in Axes
 12254 | Lair:1   | Found a runed translucent door.
 12282 | Lair:1   | Noticed a reaper
 12390 | Lair:1   | Noticed Maggie
 12397 | Lair:1   | Killed Maggie
 12882 | Lair:2   | Reached skill level 1 in Armour
 12995 | Lair:2   | HP: 1/102 [skyshark (10)]
 12995 | Lair:2   | Slain by a cane toad

Illustrated notes

Levels and vault maps discovered:
D:1:      sevenhm_arrival_forest_fort_small_5, layout_loops_corners,
          serial_shops, shop, patterned_corridor
D:2:      layout_basic, shapermc_ecumenical_altar_notcrosses,
          grunt_ministairs_14, uniq_jessica
D:3:      layout_basic, mainiacjoe_overflow_brackets,
          nicolae_elevator_lobby_plus
D:4:      layout_rooms, minmay_temple_entry_large_hall, serial_shops, shop,
          nicolae_letterblocks [nicolae_letter_subblock,
          nicolae_letter_subblock, nicolae_letter_subblock,
          nicolae_letter_subblock, nicolae_letter_subblock,
          nicolae_letter_subblock, nicolae_letter_subblock,
          nicolae_letter_subblock, nicolae_letter_subblock,
          nicolae_letter_subblock, nicolae_letter_subblock,
          nicolae_letter_subblock, nicolae_letter_subblock,
          nicolae_letter_subblock, nicolae_letter_subblock,
          nicolae_letter_subblock, nicolae_letter_subblock,
          nicolae_letter_subblock, nicolae_letter_subblock,
          nicolae_letter_subblock, nicolae_letter_subblock,
          nicolae_letter_subblock, nicolae_letter_subblock,
          nicolae_letter_subblock, nicolae_letter_subblock], uniq_robin
D:5:      layout_basic, gammafunk_ghost_nasty_kobolds, hangedman_decor_lopped,
          uniq_blork_the_orc, uniq_menkaure
D:6:      layout_gridville
D:7:      layout_layer_cave, uniq_duvessa
D:8:      layout_basic, nicolae_two_hexagons, nicolae_take_the_stairs,
          nicolae_tricolors
D:9:      layout_cave_pods, erik_lair_orcish_takeover, david_orc_3
D:10:     layout_irregular_city
D:11:     layout_loops_ring
D:12:     layout_loops_ring
D:13:     minmay_the_grid_four_pointed_star_mashed
          [minmay_the_grid_triangle_9x9_steps,
          minmay_the_grid_triangle_9x9_longest,
          minmay_the_grid_triangle_9x9_checkered,
          minmay_the_grid_triangle_9x9_fully_insulated_deathbox,
          minmay_the_grid_prize_four_corners], layout_rooms
Temple:   mainiacjoe_temple_circle_huts
Lair:1:   layout_loops_ring, pdpol_lair_cabin_in_the_woods, grunt_megastairs_4,
          uniq_maggie
Lair:2:   layout_hall_layers, ldierk_geyser

Skill      XL: |  1  2  3  4  5  6  7  8  9 10 11 12 |
---------------+-------------------------------------+-----
Axes           | 3 4 5 6 7 9 11 12 14 15 | 15.3
Fighting       | 3 4 5 7 8 10 11 12 | 12.0
Armour         | 1 |  1.7
Throwing       | |  1.7
Dodging        | |  2.6

Action                     |  1- 3 |  4- 6 |  7- 9 | 10-12 || total
---------------------------+-------+-------+-------+-------++-------
  Melee: War axe           |    65 |   154 |   158 |     3 ||   380
         Tailslap          |       |     8 |    42 |    67 ||   117
         Battleaxe         |       |       |   131 |   347 ||   478
  Throw: Throwing net      |       |       |       |     2 ||     2
  Evoke: Wand              |       |       |       |     6 ||     6
    Use: Scroll            |     3 |     5 |     4 |    10 ||    22
         Potion            |       |       |       |     7 ||     7
   Stab: Held in net/web   |       |       |       |     2 ||     2
 Armour: Ring mail         |    41 |    18 |       |       ||    59
         Leather armour    |     2 |       |       |       ||     2
         Scale mail        |       |   110 |   119 |       ||   229
         Plate armour      |       |       |    95 |   365 ||   460
  Dodge: Dodged            |    40 |   134 |   220 |   193 ||   587

Table legend: (Time is in decaauts)
 A = Elapsed time spent in this place.
 B = Non-inter-level travel time spent in this place.
 C = Inter-level travel time spent in this place.
 D = Time resting spent in this place.
 E = Time spent auto-exploring this place.
 F = Levels seen in this place.
 G = Mean time per level.
                   A        B        C        D        E       F      G
               +--------+--------+--------+--------+--------+-----+--------+
         Total |  13093 |  12668 |    425 |    599 |  10124 |  16 |  818.3 |
       Dungeon |  11726 |  11365 |    361 |    577 |   9071 |  13 |  902.0 |
        Temple |      1 |      1 |      0 |      0 |      0 |   1 |    1.0 |
          Lair |   1364 |   1301 |     63 |     22 |   1053 |   2 |  682.0 |
               +--------+--------+--------+--------+--------+-----+--------+

Top non-repeatable levels by time:
     D:7: 1405 daAuts
     D:6: 1343 daAuts
     D:5: 1310 daAuts
  Lair:1: 1241 daAuts
     D:8: 1146 daAuts
     D:1: 1146 daAuts
     D:9: 1091 daAuts
     D:3: 830 daAuts
     D:4: 782 daAuts
    D:11: 737 daAuts
    D:10: 733 daAuts
    D:12: 632 daAuts
     D:2: 531 daAuts
  Lair:2: 123 daAuts
    D:13: 35 daAuts
